General information
- name: BNet
- type: Ladder team game (AT/RT)
- host: Battle.net
- saver: Liko
map: Deadlands
- players: 8
- length: 19:28
- speed: Fast
- version: 1.26 W3XP
- replay type: Public
» download(163 KB)
Players
team 1 (winner)
kitten-man (
green | 85 APM | 1646 actions | 19:27)
3 Blademaster
2 Critical Strike
1 Wind Walk
4 Tauren Chieftain
2 Endurance Aura
2 War Stomp
3 Shadow Hunter
2 Healing Wave
1 Hex
» actions
| Assign group hotkey | 16 | |
| Basic commands | 237 | |
| Build / train | 66 | |
| ESC pressed | 3 | |
| Enter build submenu | 14 | |
| Enter hero's abilities submenu | 10 | |
| Give item / drop item | 3 | |
| Right click | 605 | |
| Select / deselect | 210 | |
| Select group hotkey | 395 | |
| Use ability | 87 | |
1646 total
» units
| Peon | 9 | |
| Wind Rider | 3 | |
| Shaman | 5 | |
| Raider | 8 | |
| Troll Witch Doctor | 4 | |
| Kodo Beast | 1 | |
30 total
» upgrades
| Spiked Barricades | 1 | |
| Armor | 2 | |
| Shaman Training | 2 | |
| Ensnare | 1 | |
| Melee Weapons | 3 | |
| Reinforced Defenses | 1 | |
| Witch Doctor Training | 2 | |
| War Drums Damage Increase | 1 | |
| Envenomed Spears | 1 | |
| Ranged Weapons | 1 | |
15 total
» buildings
| Altar of Storms | 1 | |
| Orc Burrow | 6 | |
| War Mill | 1 | |
| Voodoo Lounge | 1 | |
| Stronghold | 1 | |
| Beastiary | 2 | |
| Spirit Lodge | 1 | |
| Fortress | 1 | |
| Great Hall | 1 | |
15 total
» build order
00:11 Altar of Storms
00:24 Orc Burrow
00:52 War Mill
01:09 Voodoo Lounge
02:37 Stronghold
02:42 Orc Burrow
02:49 Orc Burrow
05:14 Beastiary
05:18 Beastiary
05:22 Spirit Lodge
05:26 Fortress
07:21 Orc Burrow
10:58 Orc Burrow
13:11 Orc Burrow
17:18 Great Hall
» items
| Healing Salve | 2 | |
| Orb of Lightning | 1 | |
| Lesser Clarity Potion | 1 | |
| Scroll of Speed | 1 | |
| Scroll of Town Portal | 1 | |
6 total
Liko (
teal | 90 APM | 1756 actions | 19:28)
4 Death Knight
2 Death Coil
2 Unholy Aura
4 Dark Ranger
2 Silence
2 Life Drain
3 Pit Lord
2 Howl of Terror
1 Cleaving Attack
» actions
| Assign group hotkey | 51 | |
| Basic commands | 96 | |
| Build / train | 76 | |
| Enter build submenu | 20 | |
| Enter hero's abilities submenu | 12 | |
| Give item / drop item | 6 | |
| Right click | 472 | |
| Select / deselect | 410 | |
| Select group hotkey | 521 | |
| Use ability | 92 | |
1756 total
» units
| Acolyte | 11 | |
| Ghoul | 4 | |
| Crypt Fiend | 7 | |
| Frost Wyrm | 3 | |
25 total
» upgrades
| Burrow | 1 | |
| Web | 1 | |
| Creature Carapace | 2 | |
| Freezing Breath | 1 | |
5 total
» buildings
| Graveyard | 1 | |
| Crypt | 1 | |
| Altar of Darkness | 1 | |
| Ziggurat | 5 | |
| Tomb of Relics | 2 | |
| Halls of the Dead | 2 | |
| Necropolis | 1 | |
| Black Citadel | 1 | |
| Nerubian Tower | 4 | |
| Sacrificial Pit | 1 | |
| Boneyard | 3 | |
22 total
» build order
00:10 Graveyard
00:18 Crypt
00:47 Altar of Darkness
01:04 Ziggurat
01:49 Tomb of Relics
02:11 Ziggurat
03:47 Halls of the Dead
03:47 Halls of the Dead
04:35 Necropolis
05:16 Tomb of Relics
06:39 Ziggurat
08:03 Black Citadel
08:10 Ziggurat
08:11 Nerubian Tower
08:17 Sacrificial Pit
08:19 Ziggurat
10:02 Nerubian Tower
10:50 Nerubian Tower
12:23 Nerubian Tower
12:27 Boneyard
12:28 Boneyard
13:13 Boneyard
» items
| Rod of Necromancy | 1 | |
| Sacrificial Skull | 2 | |
| Scroll of Town Portal | 1 | |
| Orb of Corruption | 3 | |
| Potion of Mana | 3 | |
| Potion of Healing | 3 | |
| Scroll of Healing | 4 | |
| Potion of Lesser Invulnerability | 1 | |
| Scroll of Protection | 1 | |
| Periapt of Vitality | 1 | |
20 total
BadAtThisGame (
pink | 34 APM | 671 actions | 19:27)
5 Goblin Alchemist
2 Healing Spray
3 Acid Bomb
» actions
| Build / train | 65 | |
| Enter build submenu | 20 | |
| Enter hero's abilities submenu | 5 | |
| Give item / drop item | 2 | |
| Remove unit from queue | 1 | |
| Right click | 245 | |
| Select / deselect | 277 | |
| Use ability | 56 | |
671 total
» units
| Peasant | 15 | |
| Footman | 10 | |
| Knight | 5 | |
| Siege Engine | 4 | |
34 total
» upgrades
| Defend | 1 | |
| Plating | 3 | |
| Gunpowder | 2 | |
| Swords | 2 | |
| Lumber Harvesting | 2 | |
| Barrage | 1 | |
| Masonry | 2 | |
| Animal War Training | 1 | |
14 total
» buildings
| Altar of Kings | 1 | |
| Farm | 12 | |
| Barracks | 2 | |
| Arcane Vault | 1 | |
| Blacksmith | 1 | |
| Keep | 1 | |
| Lumber Mill | 1 | |
| Town Hall | 1 | |
| Scout Tower | 6 | |
| Guard Tower | 4 | |
| Workshop | 2 | |
| Castle | 1 | |
33 total
» build order
00:20 Altar of Kings
00:30 Farm
00:49 Farm
01:01 Barracks
01:46 Barracks
02:14 Farm
02:15 Farm
02:24 Arcane Vault
02:59 Farm
03:00 Farm
03:54 Blacksmith
04:37 Keep
04:40 Lumber Mill
05:58 Town Hall
06:03 Scout Tower
06:06 Scout Tower
06:08 Scout Tower
06:09 Scout Tower
06:35 Guard Tower
07:11 Guard Tower
08:06 Guard Tower
09:00 Workshop
09:04 Workshop
09:44 Scout Tower
09:46 Scout Tower
09:51 Farm
09:52 Farm
10:18 Castle
13:13 Guard Tower
17:24 Farm
17:25 Farm
18:33 Farm
18:34 Farm
» items
| Boots of Speed | 1 | |
| Potion of Mana | 1 | |
| Scroll of Protection | 1 | |
| Circlet of Nobility | 1 | |
4 total
KODOS_F0RSAKEN (
orange | 107 APM | 2082 actions | 19:27)
3 Blademaster
2 Wind Walk
1 Critical Strike
» actions
| Assign group hotkey | 20 | |
| Basic commands | 14 | |
| Build / train | 55 | |
| ESC pressed | 5 | |
| Enter build submenu | 33 | |
| Enter hero's abilities submenu | 3 | |
| Give item / drop item | 1 | |
| Right click | 1024 | |
| Select / deselect | 166 | |
| Select group hotkey | 694 | |
| Use ability | 67 | |
2082 total
» units
| Peon | 16 | |
| Troll Batrider | 9 | |
| Wind Rider | 2 | |
27 total
» upgrades
| Armor | 3 | |
| Ranged Weapons | 3 | |
| Liquid Fire | 1 | |
| Spiked Barricades | 3 | |
10 total
» buildings
| Orc Burrow | 8 | |
| Altar of Storms | 1 | |
| Voodoo Lounge | 1 | |
| War Mill | 1 | |
| Stronghold | 3 | |
| Watch Tower | 14 | |
| Beastiary | 3 | |
| Fortress | 2 | |
| Great Hall | 1 | |
34 total
» build order
00:09 Orc Burrow
00:14 Altar of Storms
00:49 Voodoo Lounge
01:07 War Mill
02:35 Stronghold
02:35 Stronghold
02:35 Stronghold
02:51 Orc Burrow
03:59 Orc Burrow
04:49 Watch Tower
05:00 Beastiary
05:09 Beastiary
05:20 Orc Burrow
06:27 Orc Burrow
06:48 Fortress
06:48 Fortress
11:50 Orc Burrow
13:00 Watch Tower
13:03 Watch Tower
14:40 Beastiary
14:44 Orc Burrow
16:10 Orc Burrow
16:46 Great Hall
16:47 Watch Tower
16:48 Watch Tower
16:50 Watch Tower
17:02 Watch Tower
17:08 Watch Tower
17:53 Watch Tower
17:56 Watch Tower
18:34 Watch Tower
18:47 Watch Tower
19:03 Watch Tower
19:04 Watch Tower
» items
| Healing Salve | 2 | |
| Lesser Clarity Potion | 3 | |
| Scroll of Town Portal | 1 | |
| Orb of Lightning | 1 | |
| Scroll of Speed | 1 | |
8 total
team 2 (loser)
kingofkings7 (
blue | 29 APM | 494 actions | 16:48)
3 Tauren Chieftain
2 Shockwave
1 Endurance Aura
2 Shadow Hunter
1 Hex
1 Healing Wave
» actions
| Basic commands | 95 | |
| Build / train | 45 | |
| Enter build submenu | 13 | |
| Enter hero's abilities submenu | 5 | |
| Give item / drop item | 1 | |
| Remove unit from queue | 1 | |
| Right click | 128 | |
| Select / deselect | 162 | |
| Use ability | 44 | |
494 total
» units
| Peon | 7 | |
| Grunt | 6 | |
| Shaman | 1 | |
| Troll Witch Doctor | 1 | |
15 total
» upgrades
| Pillage | 1 | |
| Armor | 2 | |
| Melee Weapons | 2 | |
| Spiked Barricades | 0 | |
| Shaman Training | 2 | |
| Witch Doctor Training | 2 | |
9 total
» buildings
| Orc Burrow | 6 | |
| Altar of Storms | 1 | |
| Voodoo Lounge | 1 | |
| Barracks | 2 | |
| War Mill | 1 | |
| Stronghold | 1 | |
| Fortress | 1 | |
| Spirit Lodge | 2 | |
15 total
» build order
01:15 Orc Burrow
01:30 Altar of Storms
02:03 Voodoo Lounge
02:52 Barracks
02:55 Barracks
03:12 Orc Burrow
03:29 Orc Burrow
04:12 War Mill
06:08 Stronghold
07:37 Orc Burrow
08:12 Orc Burrow
08:38 Orc Burrow
10:32 Fortress
11:41 Spirit Lodge
11:42 Spirit Lodge
» items
| Healing Salve | 3 | |
| Scroll of Speed | 2 | |
| Scroll of Town Portal | 2 | |
| Rod of Necromancy | 1 | |
| Lesser Clarity Potion | 2 | |
| Orb of Lightning | 1 | |
11 total

»
MoldyLocs (
purple | 68 APM | 1295 actions | 19:06)
3 Crypt Lord
2 Carrion Beetles
1 Impale
1 Death Knight
1 Death Coil
» actions
| Assign group hotkey | 27 | |
| Build / train | 61 | |
| Enter build submenu | 20 | |
| Enter hero's abilities submenu | 4 | |
| Give item / drop item | 2 | |
| Remove unit from queue | 8 | |
| Right click | 567 | |
| Select / deselect | 228 | |
| Select group hotkey | 299 | |
| Use ability | 79 | |
1295 total
» units
| Acolyte | 14 | |
| Crypt Fiend | 16 | |
| Ghoul | 3 | |
| Necromancer | 9 | |
42 total
» upgrades
| Creature Attack | 2 | |
| Web | 1 | |
| Creature Carapace | 1 | |
4 total
» buildings
| Graveyard | 1 | |
| Crypt | 2 | |
| Ziggurat | 9 | |
| Altar of Darkness | 1 | |
| Tomb of Relics | 1 | |
| Spirit Tower | 0 | |
| Halls of the Dead | 1 | |
| Temple of the Damned | 2 | |
17 total
» build order
00:12 Graveyard
00:15 Crypt
00:23 Ziggurat
01:12 Altar of Darkness
01:35 Crypt
02:15 Ziggurat
02:56 Tomb of Relics
03:58 Ziggurat
05:55 Spirit Tower
08:10 Ziggurat
08:57 Halls of the Dead
12:00 Ziggurat
12:02 Ziggurat
12:04 Ziggurat
12:56 Spirit Tower
12:57 Spirit Tower
12:58 Spirit Tower
12:59 Spirit Tower
13:39 Temple of the Damned
13:51 Ziggurat
14:06 Temple of the Damned
14:36 Ziggurat
» items

»
elfen-lieed (
yellow | 119 APM | 2311 actions | 19:27)
4 Warden
2 Fan of Knives
2 Shadow Strike
3 Priestess of the Moon
1 Scout
2 Trueshot Aura
» actions
| Assign group hotkey | 35 | |
| Basic commands | 84 | |
| Build / train | 74 | |
| Enter build submenu | 32 | |
| Enter hero's abilities submenu | 7 | |
| Give item / drop item | 1 | |
| Remove unit from queue | 7 | |
| Right click | 1075 | |
| Select / deselect | 328 | |
| Select group hotkey | 540 | |
| Use ability | 128 | |
2311 total
» units
| Wisp | 23 | |
| Archer | 12 | |
| Druid of the Claw | 4 | |
39 total
» upgrades
| Improved Bows | 1 | |
| Druid of the Claw Training | 2 | |
| Marksmanship | 1 | |
| Well Spring | 1 | |
| Mark of the Claw | 1 | |
| Strength of the Wild | 2 | |
| Abolish Magic | 1 | |
| Reinforced Hides | 0 | |
9 total
» buildings
| Altar of Elders | 1 | |
| Moon Well | 10 | |
| Ancient of War | 1 | |
| Tree of Ages | 1 | |
| Ancient of Wonders | 3 | |
| Hunter's Hall | 1 | |
| Ancient Protector | 4 | |
| Ancient of Lore | 2 | |
| Tree of Eternity | 2 | |
| Tree of Life | 1 | |
26 total
» build order
00:10 Altar of Elders
00:14 Moon Well
00:19 Moon Well
00:38 Ancient of War
01:21 Moon Well
01:24 Moon Well
04:28 Tree of Ages
04:42 Ancient of Wonders
04:50 Hunter's Hall
05:07 Moon Well
05:11 Moon Well
05:59 Ancient Protector
08:25 Ancient of Lore
08:49 Tree of Eternity
08:49 Tree of Eternity
08:59 Moon Well
09:43 Ancient of Lore
11:10 Moon Well
11:48 Moon Well
12:10 Ancient of Wonders
12:21 Ancient of Wonders
12:46 Tree of Life
12:59 Moon Well
14:45 Ancient Protector
14:48 Ancient Protector
14:52 Ancient Protector
» items
| Healing Salve | 1 | |
| Scroll of Town Portal | 1 | |
| Anti-magic Potion | 1 | |
3 total

»
lilli (
red | 63 APM | 1204 actions | 19:00)
3 Keeper of the Grove
2 Entangling Roots
1 Thorns Aura
» actions
| Assign group hotkey | 16 | |
| Basic commands | 177 | |
| Build / train | 56 | |
| Enter build submenu | 16 | |
| Enter hero's abilities submenu | 3 | |
| Give item / drop item | 1 | |
| Remove unit from queue | 1 | |
| Right click | 248 | |
| Select / deselect | 182 | |
| Select group hotkey | 439 | |
| Use ability | 65 | |
1204 total
» units
| Wisp | 23 | |
| Archer | 3 | |
| Huntress | 2 | |
| Druid of the Claw | 3 | |
| Dryad | 4 | |
35 total
» upgrades
| Strength of the Wild | 2 | |
| Reinforced Hides | 1 | |
| Druid of the Claw Training | 2 | |
| Mark of the Claw | 1 | |
| Strength of the Moon | 1 | |
| Moon Armor | 1 | |
8 total
» buildings
| Moon Well | 7 | |
| Altar of Elders | 1 | |
| Ancient of War | 1 | |
| Hunter's Hall | 1 | |
| Tree of Ages | 3 | |
| Ancient Protector | 3 | |
| Ancient of Wonders | 1 | |
| Tree of Eternity | 4 | |
| Ancient of Lore | 2 | |
| Tree of Life | 2 | |
25 total
» build order
00:31 Moon Well
00:44 Altar of Elders
00:52 Ancient of War
02:11 Moon Well
02:26 Hunter's Hall
03:16 Tree of Ages
03:16 Tree of Ages
03:25 Moon Well
03:49 Ancient Protector
03:50 Ancient Protector
04:56 Ancient of Wonders
06:45 Tree of Eternity
06:45 Tree of Eternity
06:45 Tree of Eternity
07:07 Ancient of Lore
07:07 Ancient of Lore
07:19 Moon Well
07:21 Moon Well
07:59 Ancient Protector
08:32 Moon Well
10:48 Moon Well
13:50 Tree of Life
15:40 Tree of Life
Chat log
(01:45 / Allies) kitten-man: oj units?
(01:53 / Allies) KODOS_F0RSAKEN: wyv
(02:04 / Allies) kitten-man: ok raider
(03:48 / All) kingofkings7: lol
(03:59 / All) kingofkings7: what a idiot
(04:01 / All) KODOS_F0RSAKEN: qq
(04:24 / All) kingofkings7: its cheaper to die
(04:26 / All) KODOS_F0RSAKEN: qq
(11:00 / Allies) BadAtThisGame: i'll tp
(12:36 / Allies) BadAtThisGame: i derped getting to t3 sorry
(13:14 / Allies) Liko: ty
(17:32 / Allies) KODOS_F0RSAKEN: b
(18:06 / Allies) KODOS_F0RSAKEN: b
(18:07 / Allies) KODOS_F0RSAKEN: b
(18:12 / Allies) KODOS_F0RSAKEN: got towers back
(19:12 / All) BadAtThisGame: gg